APP
HELENA BREWERS @ PHILADELPHIA (APP) PHILLIES
07/24/2044
 
TOP OF THE 1ST
Helena Brewers batting - Pitching for Philadelphia (APP) Phillies : LHP Phuck II
Pitching: LHP Phuck II
Batting: RHB Nick Cummings 0-0: Ball
1-0: Ball
2-0: Swinging Strike
2-1: Ground out 5-3 (Groundball, 56S, EV 81.2 MPH)
Batting: SHB Mike Williams 0-0: Ground out U3 (Groundball, 34, EV 82.5 MPH)
Batting: LHB Gabe Harvey 0-0: SINGLE (Line Drive, 89S, EV 98.8 MPH)
Batting: RHB Skyler Goss 0-0: Ball
1-0: Fly out, F5 (Flyball, 5D, EV 86.9 MPH)
Top of the 1st over - 0 runs, 1 hit, 0 errors, 1 left on base; Helena 0 - Philadelphia (APP) 0
BOTTOM OF THE 1ST
Philadelphia (APP) Phillies batting - Pitching for Helena Brewers : LHP Nolan Stefanski
Pitching: LHP Nolan Stefanski
Batting: LHB Matt Urbanek 0-0: Ball
1-0: Swinging Strike
1-1: Called Strike
1-2: Foul Ball, location: 2F
1-2: DOUBLE (Line Drive, 89M, EV 100.0 MPH)
Batting: RHB Carlos Morejon 0-0: Ball
1-0: Ground out 5-3 (Groundball, 25, EV 82.5 MPH)
Batting: RHB Kyle Reilly 0-0: Ball
Matt Urbanek steals 3rd base (no throw)
1-0: Ball
2-0: Ball
3-0: Called Strike
3-1: Base on Balls
Batting: RHB Seung-mun Kim 0-0: Ball
1-0: Foul Ball, location: 2F
1-1: Ball
2-1: Called Strike
2-2: Strikes out swinging
Batting: RHB Mark Schultz 0-0: DOUBLE (Flyball, 89D, EV 101.2 MPH)
Matt Urbanek scores
Kyle Reilly to third
Batting: LHB Danny Zuniga 0-0: Called Strike
0-1: Foul Ball, location: 2F
0-2: Foul Ball, location: 2F
0-2: Ball
1-2: SINGLE (Groundball, 34D, EV 104.4 MPH)
Kyle Reilly scores
Mark Schultz to third
Runner from 3rd tries for Home, throw by RF and OUT! 9-2
Bottom of the 1st over - 2 runs, 3 hits, 0 errors, 1 left on base; Helena 0 - Philadelphia (APP) 2
TOP OF THE 2ND
Helena Brewers batting - Pitching for Philadelphia (APP) Phillies : LHP Phuck II
Batting: RHB Jonathan Sarles 0-0: Fly out, F8 (Flyball, 78D, EV 101.2 MPH)
Batting: LHB Pablo Cardona 0-0: Ball
1-0: Ball
2-0: Ball
3-0: Called Strike
3-1: Fly out, F9 (Flyball, 9LS, EV 84.4 MPH)
Batting: RHB Ben Taylor 0-0: Ball
1-0: Fly out, F8 (Flyball, 78M, EV 80.0 MPH)
Top of the 2nd over - 0 runs, 0 hits, 0 errors, 0 left on base; Helena 0 - Philadelphia (APP) 2
BOTTOM OF THE 2ND
Philadelphia (APP) Phillies batting - Pitching for Helena Brewers : LHP Nolan Stefanski
Batting: RHB Eduardo Calderon 0-0: Ball
1-0: Called Strike
1-1: Swinging Strike
1-2: Ball
2-2: SOLO HOME RUN (Flyball, 7D, EV 93.8 MPH), Distance : 374 ft
Batting: RHB Gary Sampson 0-0: Ball
1-0: Swinging Strike
1-1: Ball
2-1: Ball
3-1: Base on Balls
Batting: LHB Josh George 0-0: Called Strike
0-1: Swinging Strike
0-2: Ball
1-2: Strikes out swinging
Batting: LHB Matt Urbanek 0-0: Called Strike
0-1: Ball
1-1: Ball
2-1: Ball
3-1: Swinging Strike
3-2: Strikes out looking
Batting: RHB Carlos Morejon 0-0: Ball
Gary Sampson steals 2nd base (no throw)
1-0: Ball
2-0: DOUBLE (Flyball, 89XD, EV 95.6 MPH)
Gary Sampson scores
Batting: RHB Kyle Reilly 0-0: Ball
1-0: SINGLE (Groundball, 56D, EV 100.6 MPH)
Carlos Morejon to third
Runner from 3rd tries for Home, SAFE, throw by LF to home
Batting: RHB Seung-mun Kim 0-0: Ball
1-0: Ball
2-0: Foul Ball, location: 2F
2-1: Foul Ball, location: 2F
2-2: Strikes out swinging
Bottom of the 2nd over - 3 runs, 3 hits, 0 errors, 1 left on base; Helena 0 - Philadelphia (APP) 5
TOP OF THE 3RD
Helena Brewers batting - Pitching for Philadelphia (APP) Phillies : LHP Phuck II
Batting: SHB Robert Sayer 0-0: Swinging Strike
0-1: Called Strike
0-2: Ball
1-2: Ball
2-2: Strikes out swinging
Batting: RHB Dustin Hartman 0-0: Called Strike
0-1: Swinging Strike
0-2: Foul Ball, location: 2F
0-2: Foul Ball, location: 2F
0-2: Strikes out swinging
Batting: RHB Nick Cummings 0-0: Called Strike
0-1: Ball
1-1: Ball
2-1: Ground out 6-3 (Groundball, 6, EV 105.0 MPH)
Top of the 3rd over - 0 runs, 0 hits, 0 errors, 0 left on base; Helena 0 - Philadelphia (APP) 5
BOTTOM OF THE 3RD
Philadelphia (APP) Phillies batting - Pitching for Helena Brewers : LHP Nolan Stefanski
Batting: RHB Mark Schultz 0-0: Ball
1-0: Ball
2-0: Swinging Strike
2-1: Ball
3-1: Called Strike
3-2: Strikes out swinging
Batting: LHB Danny Zuniga 0-0: Called Strike
0-1: Ball
1-1: Called Strike
1-2: Foul Ball, location: 2F
1-2: Ball
2-2: Foul Ball, location: 2F
2-2: Ball
3-2: Base on Balls
Pitching: RHP Dave Hotaling
Batting: RHB Eduardo Calderon 0-0: Foul Ball, location: 2F
0-1: Swinging Strike
0-2: Grounds into double play, 4-6-3 (Groundball, 4S, EV 79.4 MPH)
Bottom of the 3rd over - 0 runs, 0 hits, 0 errors, 0 left on base; Helena 0 - Philadelphia (APP) 5
TOP OF THE 4TH
Helena Brewers batting - Pitching for Philadelphia (APP) Phillies : LHP Phuck II
Batting: SHB Mike Williams 0-0: Foul Ball, location: 2F
0-1: Ground out 4-3 (Groundball, 4MS, EV 86.2 MPH)
Batting: LHB Gabe Harvey 0-0: DOUBLE (Line Drive, 89XD, EV 105.0 MPH)
Batting: RHB Skyler Goss 0-0: Called Strike
0-1: Foul Ball, location: 2F
0-2: Ball
1-2: Strikes out swinging
Batting: RHB Jonathan Sarles 0-0: Called Strike
0-1: Foul Ball, location: 2F
0-2: Ball
1-2: Foul Ball, location: 2F
1-2: Ball
2-2: Ball
3-2: Strikes out swinging
Top of the 4th over - 0 runs, 1 hit, 0 errors, 1 left on base; Helena 0 - Philadelphia (APP) 5
BOTTOM OF THE 4TH
Philadelphia (APP) Phillies batting - Pitching for Helena Brewers : RHP Dave Hotaling
Batting: RHB Gary Sampson 0-0: Ball
1-0: Ball
2-0: Ground out 3-1 (Groundball, 34S, EV 63.1 MPH)
Batting: LHB Josh George 0-0: Called Strike
0-1: Fly out, F2 (Popup, 13S, EV 92.5 MPH)
Batting: LHB Matt Urbanek 0-0: Called Strike
0-1: Ball
1-1: Ball
2-1: Ground out 5-3 (Groundball, 5, EV 99.4 MPH)
Bottom of the 4th over - 0 runs, 0 hits, 0 errors, 0 left on base; Helena 0 - Philadelphia (APP) 5
TOP OF THE 5TH
Helena Brewers batting - Pitching for Philadelphia (APP) Phillies : LHP Phuck II
Batting: LHB Pablo Cardona 0-0: Called Strike
0-1: Ball
1-1: Foul Ball, location: 2F
1-2: Ball
2-2: Fly out, F9 (Line Drive, 9, EV 95.0 MPH)
Batting: RHB Ben Taylor 0-0: Called Strike
0-1: Ball
1-1: Called Strike
1-2: Foul Ball, location: 2F
1-2: Foul Ball, location: 2F
1-2: Foul Ball, location: 2F
1-2: Foul Ball, location: 2F
1-2: Foul Ball, location: 2F
1-2: Ball
2-2: Strikes out swinging
Batting: SHB Robert Sayer 0-0: Foul Ball, location: 2F
0-1: Ball
1-1: Called Strike
1-2: Strikes out swinging
Top of the 5th over - 0 runs, 0 hits, 0 errors, 0 left on base; Helena 0 - Philadelphia (APP) 5
BOTTOM OF THE 5TH
Philadelphia (APP) Phillies batting - Pitching for Helena Brewers : RHP Dave Hotaling
Batting: RHB Carlos Morejon 0-0: Foul Ball, location: 2F
0-1: Foul Ball, location: 2F
0-2: Strikes out looking
Batting: RHB Kyle Reilly 0-0: Called Strike
0-1: Swinging Strike
0-2: Ball
1-2: Ball
2-2: SINGLE (Groundball, 6MD, EV 94.4 MPH)
Batting: RHB Seung-mun Kim 0-0: Ball
1-0: Swinging Strike
1-1: Swinging Strike
1-2: Ball
2-2: Fly out, F6 (Flyball, 56D, EV 89.4 MPH)
Batting: RHB Mark Schultz 0-0: Ball
1-0: Fly out, F5 (Line Drive, 5, EV 69.4 MPH)
Bottom of the 5th over - 0 runs, 1 hit, 0 errors, 1 left on base; Helena 0 - Philadelphia (APP) 5
TOP OF THE 6TH
Helena Brewers batting - Pitching for Philadelphia (APP) Phillies : LHP Phuck II
Batting: RHB Dustin Hartman 0-0: Ball
1-0: Called Strike
1-1: Ball
2-1: Foul Ball, location: 2F
2-2: Hit by Pitch
Batting: RHB Nick Cummings 0-0: Called Strike
0-1: Foul Ball, location: 2F
0-2: Foul Ball, location: 2F
0-2: Foul Ball, location: 2F
0-2: Ball
1-2: Foul Ball, location: 2F
1-2: Strikes out looking
Batting: SHB Mike Williams 0-0: Called Strike
0-1: Foul Ball, location: 2F
0-2: Grounds into double play, 6-4-3 (Groundball, 6, EV 78.1 MPH)
Top of the 6th over - 0 runs, 0 hits, 0 errors, 0 left on base; Helena 0 - Philadelphia (APP) 5
BOTTOM OF THE 6TH
Philadelphia (APP) Phillies batting - Pitching for Helena Brewers : RHP Dave Hotaling
Batting: LHB Danny Zuniga 0-0: Fly out, F9 (Flyball, 9D, EV 77.5 MPH)
Batting: RHB Eduardo Calderon 0-0: Called Strike
0-1: Ball
1-1: Called Strike
1-2: Ground out 4-3 (Groundball, 34, EV 101.9 MPH)
Batting: RHB Gary Sampson 0-0: Ball
1-0: Ground out 6-3 (Groundball, 6, EV 88.8 MPH)
Bottom of the 6th over - 0 runs, 0 hits, 0 errors, 0 left on base; Helena 0 - Philadelphia (APP) 5
TOP OF THE 7TH
Helena Brewers batting - Pitching for Philadelphia (APP) Phillies : LHP Phuck II
Batting: LHB Gabe Harvey 0-0: Ground out 4-3 (Groundball, 4S, EV 86.9 MPH)
Batting: RHB Skyler Goss 0-0: Ball
1-0: SOLO HOME RUN (Flyball, 7LD, EV 91.2 MPH), Distance : 335 ft
Batting: RHB Jonathan Sarles 0-0: Ball
1-0: Foul Ball, location: 2F
1-1: Ball
2-1: Ball
3-1: Base on Balls
Batting: LHB Pablo Cardona 0-0: Ball
1-0: Called Strike
1-1: Foul Ball, location: 2F
1-2: Foul Ball, location: 2F
1-2: Ball
2-2: Ball
3-2: SINGLE (Flyball, 89S, EV 101.2 MPH)
Jonathan Sarles to second
Jonathan Sarles to third
Batting: RHB Ben Taylor 0-0: Ball
1-0: Called Strike
1-1: Called Strike
1-2: Strikes out swinging
Batting: SHB Robert Sayer 0-0: Ball
1-0: SINGLE (Groundball, 56D, EV 97.5 MPH)
Jonathan Sarles scores
Pablo Cardona to second
Batting: RHB Dustin Hartman 0-0: Ball
1-0: Fly out, F8 (Flyball, 8LXD, EV 101.2 MPH)
Top of the 7th over - 2 runs, 3 hits, 0 errors, 2 left on base; Helena 2 - Philadelphia (APP) 5
BOTTOM OF THE 7TH
Philadelphia (APP) Phillies batting - Pitching for Helena Brewers : RHP Dave Hotaling
Pitching: RHP Ernie Borden
Batting: LHB Josh George 0-0: Ball
1-0: Ball
2-0: Called Strike
2-1: Called Strike
2-2: Strikes out looking
Batting: LHB Matt Urbanek 0-0: Called Strike
0-1: Swinging Strike
0-2: Foul Ball, location: 2F
0-2: Ball
1-2: Foul Ball, location: 2F
1-2: DOUBLE (Groundball, 5L, EV 100.0 MPH)
Batting: RHB Carlos Morejon 0-0: Ball
1-0: Ball
Matt Urbanek steals 3rd base
2-0: Foul Ball, location: 2F
2-1: Ball
3-1: Base on Balls
Batting: RHB Kyle Reilly 0-0: Ball
1-0: SINGLE (Groundball, 6MD, EV 106.9 MPH)
Matt Urbanek scores
Carlos Morejon to second
Batting: RHB Seung-mun Kim 0-0: Foul Ball, location: 2F
0-1: Grounds into double play, 6-4-3 (Groundball, 6D, EV 102.5 MPH)
Bottom of the 7th over - 1 run, 2 hits, 0 errors, 1 left on base; Helena 2 - Philadelphia (APP) 6
TOP OF THE 8TH
Helena Brewers batting - Pitching for Philadelphia (APP) Phillies : LHP Phuck II
Batting: RHB Nick Cummings 0-0: Ball
1-0: Ball
2-0: Swinging Strike
2-1: Ground out 5-3 (Groundball, 56, EV 102.5 MPH)
Batting: SHB Mike Williams 0-0: Ball
1-0: Ball
2-0: Ball
3-0: Fly out, F9 (Flyball, 9S, EV 97.5 MPH)
Batting: LHB Gabe Harvey 0-0: Ball
1-0: Ball
2-0: Ball
3-0: Called Strike
3-1: Base on Balls
Pitching: RHP Dustin Greaves
Batting: RHB Skyler Goss 0-0: Called Strike
0-1: Swinging Strike
0-2: Fly out, F5 (Popup, 5SF, EV 75.0 MPH)
Top of the 8th over - 0 runs, 0 hits, 0 errors, 1 left on base; Helena 2 - Philadelphia (APP) 6
BOTTOM OF THE 8TH
Philadelphia (APP) Phillies batting - Pitching for Helena Brewers : RHP Ernie Borden
Batting: RHB Mark Schultz 0-0: DOUBLE (Line Drive, 9LS, EV 96.9 MPH)
Batting: LHB Danny Zuniga 0-0: SINGLE (Groundball, P, EV 83.8 MPH) (infield hit)
Mark Schultz to third
Batting: RHB Eduardo Calderon 0-0: Foul Ball, location: 2F
0-1: Called Strike
0-2: Hit by Pitch
Danny Zuniga to second
Batting: RHB Gary Sampson 0-0: Foul Ball, location: 2F
0-1: Ball
1-1: Ball
2-1: Ball
3-1: Base on Balls
Mark Schultz scores
Danny Zuniga to third
Eduardo Calderon to second
Batting: LHB Josh George 0-0: Ball
1-0: Grounds into double play, 4-6-3 (Groundball, 4, EV 87.5 MPH)
Danny Zuniga scores
Eduardo Calderon to third
Batting: LHB Matt Urbanek 0-0: Called Strike
0-1: Ball
1-1: Ball
2-1: Called Strike
2-2: Ball
Passed Ball!
Eduardo Calderon scores
3-2: Base on Balls
Batting: RHB Carlos Morejon 0-0: Called Strike
0-1: Foul Ball, location: 2F
0-2: Fielders Choice at 2nd, 6-4 (Groundball, 6, EV 102.5 MPH)
Bottom of the 8th over - 3 runs, 2 hits, 0 errors, 1 left on base; Helena 2 - Philadelphia (APP) 9
TOP OF THE 9TH
Helena Brewers batting - Pitching for Philadelphia (APP) Phillies : RHP Dustin Greaves
Batting: RHB Jonathan Sarles 0-0: Ball
1-0: Called Strike
1-1: Ball
2-1: Foul Ball, location: 2F
2-2: Ball
3-2: Foul Ball, location: 2F
3-2: Base on Balls
Batting: LHB Pablo Cardona 0-0: Called Strike
0-1: Foul Ball, location: 2F
0-2: Fly out, F5 (Popup, 5F, EV 66.9 MPH)
Batting: RHB Ben Taylor 0-0: Ball
1-0: Swinging Strike
1-1: Swinging Strike
1-2: Ball
2-2: Ball
3-2: Foul Ball, location: 2F
3-2: DOUBLE (Flyball, 89XD, EV 113.1 MPH)
Jonathan Sarles to third
Batting: SHB Robert Sayer 0-0: Ball
1-0: Ball
2-0: Ball
3-0: Base on Balls
Pinch Hitting: SHB Craig Wright 0-0: Ball
1-0: Called Strike
1-1: Called Strike
1-2: Ball
2-2: Foul Ball, location: 2F
2-2: Strikes out swinging
Batting: RHB Nick Cummings 0-0: Foul Ball, location: 2F
0-1: Swinging Strike
0-2: Foul Ball, location: 2F
0-2: Strikes out swinging
Top of the 9th over - 0 runs, 1 hit, 0 errors, 3 left on base; Helena 2 - Philadelphia (APP) 9
Thursday, March 31st , 2022 - OOTP Baseball 22.12 Build 89